 Dungeon Crawl Stone Soup version 0.17.1-1-g73c8601 (webtiles) character file.

366769 Implojin the Spry (level 21, -12/226 HPs)
             Began as a Troll Fighter on Apr 2, 2016.
             Was a High Priest of Okawaru.
             Mangled by a deep troll earth mage (18 damage)
             ... on level 3 of the Depths.
             The game lasted 02:48:22 (17721 turns).

Implojin the Spry (Troll Fighter)                  Turns: 17721, Time: 02:48:22

Health: -12/226    AC: 17    Str: 27      XL:     21   Next: 26%
Magic:  23/27      EV: 39    Int:  0 (4)  God:    Okawaru [*****.]
Gold:   1049       SH: 23    Dex: 30      Spells: 7 memorised, 1 level left

rFire  + + .     SeeInvis .       - Unarmed
rCold  x . .     Clarity  .     L - quicksilver dragon armour
rNeg   . . .     SustAt   +     N - +0 large shield
rPois  +         Gourm    +     T - +0 hat "Inuzir" {rElec rC- Dex+9}
rElec  +         Spirit   .     J - +2 cloak {+Inv}
rCorr  .         Warding  .     (gloves unavailable)
rMut   .         Stasis   .     (boots unavailable)
MR     +++..                    s - amulet of regeneration
Stlth  ++++......               z - ring of sustain attributes
                                G - ring of Zafih Coa {Wiz rPois rF++ MR+ Str-3}

@: agile, heroism, finesse, very slightly contaminated, slowed, lost
intelligence, invisible, very slow, extremely resistant to hostile enchantments,
stealthy
A: unfitting armour, claws 3, fast metabolism 3, gourmand, regeneration 2,
shaggy fur 1, tough skin 2
a: Heroism, Finesse, Renounce Religion
}: 3/15 runes: silver, abyssal, gossamer


You were on level 3 of the Depths.
You worshipped Okawaru.
Okawaru was extremely pleased with you.
You were full.

You visited 6 branches of the dungeon, and saw 36 of its levels.
You visited the Abyss 2 times.
You visited 1 bazaar.
You also visited: Labyrinth and Bailey.

You collected 3010 gold pieces.
You spent 1961 gold pieces at shops.

Inventory:

Hand Weapons
 y - a +0 blowgun
Missiles
 l - 34 large rocks (quivered)
Armour
 t - a +0 ice dragon armour
 A - a +0 mottled dragon armour
 J - a +2 cloak of invisibility (worn)
 L - a quicksilver dragon armour (worn)
 N - a +0 large shield (worn)
 Q - a fire dragon hide
 T - the +0 hat "Inuzir" (worn) {rElec rC- Dex+9}
   (Okawaru gifted it to you on level 4 of the Abyss)

   It affects your dexterity (+9).
   It makes you vulnerable to cold.
   It insulates you from electricity.
 V - the +2 hat "Bifiuth" {-Cast rPois rF+ rC++}
   (Okawaru gifted it to you on level 4 of the Vaults)

   It protects you from fire.
   It greatly protects you from cold.
   It protects you from poison.
   It prevents spellcasting.
Magical Staves
 F - an uncursed staff of wizardry
Jewellery
 e - an uncursed ring of protection from fire
 i - an uncursed amulet of clarity
 n - an uncursed ring of teleportation
 s - an amulet of regeneration (around neck)
 u - an uncursed ring of positive energy
 w - an uncursed ring of protection from cold
 z - a ring of sustain attributes (right claw)
 B - an uncursed ring of wizardry
 G - the ring of Zafih Coa (left claw) {Wiz rPois rF++ MR+ Str-3}
   (You found it on level 2 of the Spider Nest)

   [ring of wizardry]

   It improves your spell success rate.
   It affects your strength (-3).
   It greatly protects you from fire.
   It protects you from poison.
   It affects your resistance to hostile enchantments.
 I - a +4 ring of protection
 M - an uncursed ring of protection from magic
 U - an uncursed amulet of stasis
 X - an uncursed ring of flight
Wands
 m - a wand of digging (14)
 D - a wand of heal wounds (6)
 W - a wand of digging (12)
 Z - a wand of heal wounds (2)
Scrolls
 b - a scroll of recharging
 g - 3 scrolls of fog
 r - 6 scrolls of teleportation
 x - 3 scrolls of amnesia
 C - a scroll of magic mapping
 E - 15 scrolls of remove curse
 K - 7 scrolls of immolation
 S - a scroll of enchant armour
 Y - 2 scrolls of identify
Potions
 a - 4 potions of resistance
 c - 5 potions of might
 f - a potion of heal wounds
 j - 7 potions of curing
 k - 4 potions of agility
 o - a potion of cure mutation
 q - a potion of invisibility
 v - 2 potions of berserk rage
 R - a potion of brilliance
Books
 H - a book of Minor Magic

   Spells                             Type                      Level
   a - Magic Dart                     Conjuration                  1
   b - Blink                          Translocation                2
   c - Call Imp                       Summoning                    2
   d - Repel Missiles                 Charms/Air                   2
   e - Slow                           Hexes                        2
   f - Conjure Flame                  Conjuration/Fire             3
   g - Mephitic Cloud                 Conjuration/Poison/Air       3
 O - an Akashic Record

   Spells                             Type                      Level
   a - Dispersal                      Translocation                6
   b - Malign Gateway                 Summoning/Translocation      7
   c - Disjunction                    Translocation                8
   d - Controlled Blink               Translocation                8
 P - Sif Muna's Incunabulum of Boosts and Evil
   (You found it in a labyrinth)

   Spells                             Type                      Level
   a - Song of Slaying                Charms                       2
   b - Regeneration                   Charms/Necromancy            3
   c - Ozocubu's Armour               Charms/Ice                   3
   d - Spectral Weapon                Hexes/Charms                 3
   e - Excruciating Wounds            Charms/Necromancy            5
   f - Haste                          Charms                       6
   g - Deflect Missiles               Charms/Air                   6
   h - Ring of Flames                 Charms/Fire                  7
Comestibles
 d - 20 bread rations
 h - 8 meat rations
 p - 13 royal jellies


   Skills:
 - Level 17.0(22.0) Fighting
 * Level 19.3(24.3) Dodging
 - Level 11.2(16.2) Shields
 - Level 17.0(22.0) Unarmed Combat
 - Level 10.0 Invocations


You had one spell level left.
You knew the following spells:

 Your Spells              Type           Power        Failure   Level  Hunger
a - Regeneration          Chrm/Necr      #.........   95%         3    ####...
b - Sublimation of Blood  Necr           #.........   78%         2    ###....
c - Swiftness             Chrm/Air       #.......     78%         2    ###....
d - Blink                 Tloc           N/A          78%         2    ###....
e - Haste                 Chrm           #.......     100%        6    #######
f - Apportation           Tloc           #.........   61%         1    ##.....
g - Portal Projectile     Tloc           #.....       95%         3    ####...


Dungeon Overview and Level Annotations

Branches:
Dungeon (15/15)            Temple (1/1) D:4            Lair (8/8) D:11
  Swamp (0/4) Lair:5       Spider (4/4) Lair:4        Slime (0/6) Lair:8
 Vaults (5/5) D:13         Depths (3/5) D:15
    Orc: D:9-12       Crypt: Vaults:2-3

Altars:
Ashenzari
Cheibriados
Dithmenos
Elyvilon
Fedhas
Gozag
Kikubaaqudgha
Makhleb
Nemelex Xobeh
Okawaru
Qazlal
Ru
Sif Muna
Trog
Vehumet
Xom
Yredelemnul
Zin
The Shining One

Shops:
D:5 }[}:   D:10 }   Vaults:2 (   Vaults:5 (

Portals:
Hell: Depths:1 Depths:3
Abyss: Depths:1
Pandemonium: Depths:1

Annotations:
D:12 exclusion: upstairs
D:14 1 runed door
Lair:4 Nergalle
Lair:6 exclusion: upstairs
Spider:3 Mara
Vaults:2 exclusion: upstairs
Vaults:4 exclusion: upstairs, Frederick


Innate Abilities, Weirdness & Mutations

You are too large for most types of armour.
You have claws for hands.
Your metabolism is lightning-fast.
You like to eat raw meat.
You heal very quickly.
You are covered in fur (AC +1).
You have very tough skin (AC +2).


Message History

Okay, then.
Drink which item? (? for menu, Esc to quit)
You fade into invisibility!
You block the deep troll shaman's attack. x2
The deep troll shaman barely misses you.
You block the deep troll's attack. The deep troll completely misses you.
The deep troll misses you. The deep troll completely misses you.
The deep troll barely misses you. x2
The deep troll earth mage completely misses you.
The deep troll earth mage barely misses you.
You block the deep troll earth mage's attack.
The deep troll shaman completely misses you. x3
The deep troll completely misses you. The deep troll closely misses you.
The deep troll completely misses you. The deep troll earth mage misses you.
The deep troll earth mage claws you.
* * * LOW HITPOINT WARNING * * *
The deep troll earth mage claws you but does no damage.
The deep troll misses you. You block the deep troll's attack.
The deep troll completely misses you.
You are very lightly contaminated with residual magic.
Unknown command.
Drink which item? (? for menu, Esc to quit)
You feel agile all of a sudden.
You block the deep troll shaman's attack.
The deep troll shaman completely misses you.
You block the deep troll shaman's attack.
The deep troll completely misses you. x2
You block the deep troll's attack. The deep troll completely misses you.
The deep troll claws you.
* * * LOW HITPOINT WARNING * * *
The deep troll claws you!
* * * LOW HITPOINT WARNING * * *
You block the deep troll earth mage's attack.
The deep troll earth mage completely misses you. x2
The deep troll shaman completely misses you. x3
The deep troll bites you!!
* * * LOW HITPOINT WARNING * * *
The deep troll closely misses you. The deep troll misses you.
The deep troll earth mage misses you. The deep troll earth mage claws you!!
You die...

..
#....#.....##.........
#
#.#..#...#...##.......
..#...#...............
#.
#.#.#.#>...........#
..
#....#.........#####
#. ###.#.........##
#..##...###......##
#....(T.........##
..##.T@..≈≈≈..##
......T†T...≈≈##
#.............#
.###...........#
...#...........#
...#.#.....#....# ...
#.......#..... .<
.#....... [..
..#........


You could see 2 deep trolls, a deep troll earth mage and a deep troll shaman.

Vanquished Creatures
  Mennas (Vaults:1)
  Sojobo (Vaults:2)
  Saint Roka (Vaults:2)
  3 golden dragons
  3 bone dragons
  3 liches
  Jorgrun (Vaults:4)
  6 tentacled monstrosities
  A hellephant (Abyss:4)
  2 quicksilver dragons
  2 titans (Vaults:5)
  8 tentacled starspawn
  5 sphinxes
  2 ancient champions (Vaults:1)
  An Executioner (Abyss:1)
  2 shadow dragons (Vaults:5)
  A storm dragon (Vaults:5)
  A storm dragon (shapeshifter) (Vaults:4)
  5 fire giants
  3 tengu reavers
  4 frost giants (Vaults:5)
  Maud (Lair:4)
  4 emperor scorpions (Spider:4)
  Louise (Vaults:1)
  5 ghost moths
  14 vault wardens
  12 ironheart preservers
  2 ghouls (D:14)
  A deep elf sorcerer (Vaults:2)
  The ghost of Implojin the Grappler, a journeyman TrMo of Okawaru (Lair:8)
  5 war gargoyles
  8 stone giants
  5 very ugly things
  A green draconian (Abyss:4)
  3 salamander stormcallers
  2 deep elf demonologists
  8 dire elephants (Abyss:4)
  A deep elf annihilator (Vaults:5)
  The ghost of Cidx the Warrior, a journeyman MiBe of Trog (D:13)
  4 ettins
  A minotaur (Lab)
  2 deep elf death magi
  35 vault guards
  6 fire dragons
  An eidolon (Abyss:4)
  A great orb of eyes (Abyss:4)
  2 entropy weavers
  2 ice dragons
  2 rakshasas
  A deep elf high priest (Vaults:5)
  5 hydras
  A naga warrior (Abyss:4)
  11 yaktaur captains
  5 centaur warriors
  A satyr (shapeshifter) (Vaults:5)
  A ghost crab (shapeshifter) (Vaults:2)
  3 deep troll shamans
  7 thrashing horrors
  3 deep troll earth magi
  8 ogre magi
  A dancing weapon (Vaults:5)
  A sun demon (Abyss:1)
  14 large abominations
  4 hell hogs (Abyss:4)
  8 deep trolls
  9 wretched stars
  3 hell knights (Vaults:1)
  A skeletal warrior (D:14)
  2 spatial maelstroms (Abyss:4)
  4 shadow wraiths
  2 giant orange brains
  2 unseen horrors
  13 ironbrand convokers
  A deep elf knight (D:15)
  3 phantasmal warriors (Vaults:5)
  A shadow demon (Abyss:3)
  4 deep elf conjurers
  Pikel (D:4)
  2 lindwurms (Lair:8)
  11 orc knights
  A necromancer (Vaults:5)
  9 orb spiders
  3 hill giants
  31 wolf spiders
  3 harpies (Vaults:4)
  8 hornets
  4 worldbinders
  A rust devil (Abyss:3)
  14 ugly things
  4 griffons
  A guardian serpent (Abyss:4)
  3 moths of wrath
  An orc sorcerer (Vaults:2)
  5 elephants (Lair:7)
  An eye of devastation (Abyss:1)
  4 centaur zombies
  A black mamba (shapeshifter) (Depths:3)
  10 vault sentinels
  An apocalypse crab (Abyss:3)
  A cyclops (Vaults:1)
  2 efreet
  16 spiny frogs
  7 torpor snails
  An eye of devastation (shapeshifter) (Vaults:5)
  3 smoke demons
  A yaktaur (shapeshifter) (Abyss:4)
  A black mamba (Lair:5)
  A hellion (Abyss:4)
  34 yaktaurs
  7 ancient zymes
  7 demonic crawlers
  5 komodo dragons
  A queen bee (D:15)
  6 freezing wraiths
  3 deep elf priests
  2 trolls
  15 two-headed ogres
  3 fire drakes
  2 giant leeches (Lair:8)
  2 trolls (shapeshifter)
  A minotaur skeleton (Lab)
  21 raiju
  15 jumping spiders
  3 slime creatures (Abyss:3)
  A two-headed ogre (shapeshifter) (Depths:1)
  4 boulder beetles
  A hornet zombie (D:14)
  A trapdoor spider zombie (D:14)
  5 flying skulls (Abyss:4)
  A vampire (Abyss:3)
  7 starcursed masses
  10 deep elf fighters
  2 shadows (D:14)
  43 redbacks
  9 trapdoor spiders
  3 wyverns (D:13)
  A spriggan (shapeshifter) (Vaults:4)
  5 deep elf magi
  21 tarantellas
  47 yaks
  The ghost of Kaelvos the Ruffian, an amateur DrMo (D:3)
  3 hungry ghosts
  7 neqoxecs (Abyss:4)
  3 ynoxinuls (Abyss:4)
  10 vampire mosquitoes
  10 hippogriffs
  3 basilisks
  5 chaos spawn
  11 wolves
  4 wraiths
  A golden eye (Abyss:3)
  The ghost of lehmann155 the Slasher, an amateur DsGl (D:4)
  A naga (Abyss:4)
  2 steam dragons (Lair:8)
  3 mottled dragons
  12 insubstantial wisps
  4 wargs
  4 water moccasins
  2 swamp drakes (Lair:8)
  11 porcupines
  17 orc warriors
  2 phantoms
  19 spiders
  3 sky beasts
  An eye of draining (D:11)
  24 ogres
  A crocodile (shapeshifter) (Vaults:4)
  6 wasps
  9 big kobolds
  14 centaurs
  11 crocodiles
  14 giant frogs
  14 small abominations
  A gnoll sergeant (D:10)
  4 brain worms
  2 wyvern zombies
  An orc simulacrum (Vaults:1)
  A wyvern skeleton (D:12)
  A scorpion (D:6)
  A water moccasin skeleton (D:4)
  29 killer bees
  3 electric eels
  6 crimson imps
  6 hounds
  6 orc priests
  2 jellies (Abyss:3)
  A wasp zombie (D:14)
  3 quasits
  2 centaur skeletons
  An iron imp (Abyss:2)
  Natasha (twice) (D:3)
  A worker ant (shapeshifter) (Vaults:5)
  4 worker ants
  7 iguanas
  11 orc wizards
  3 hell rats (D:11)
  A killer bee zombie (D:9)
  11 sheep
  3 mummies (D:14)
  2 worker ant zombies
  6 gnolls
  7 adders
  3 shadow imps
  26 river rats
  A white imp (Abyss:3)
  An ufetubus (Abyss:2)
  An adder zombie (D:9)
  2 adder skeletons
  18 worms
  4 giant geckos
  40 orcs
  4 bats
  4 giant cockroaches
  5 goblins
  2 hobgoblins (Bailey)
  9 kobolds
  A ball python (D:6)
  2 giant newts
  3 quokkas
  A quokka skeleton (D:9)
  3 rats
  A bush (Lair:8)
  2 fire vortices
  2 fungi
  A lurking horror (Abyss:4)
  6 plants
  4 starspawn tentacles
1253 creatures vanquished.

Vanquished Creatures (others)
  A tengu reaver (Vaults:5)
  An ogre mage (Vaults:2)
  A wretched star (Abyss:1)
  An orc knight (Vaults:4)
  A worldbinder (Abyss:3)
  An elephant (Abyss:4)
  2 jumping spiders (Spider:3)
  A spider (Spider:3)
  An orc warrior (Vaults:2)
  An orc wizard (Vaults:4)
  2 orcs
  25 eldritch tentacle segments (Abyss:3)
  3 fungi
  10 plants
  12 starspawn tentacles
  147 starspawn tentacle segments
210 creatures vanquished.

Grand Total: 1463 creatures vanquished

Notes
Turn   | Place    | Note
--------------------------------------------------------------
     0 | D:1      | Implojin the Troll Fighter began the quest for the Orb.
     0 | D:1      | Reached XP level 1. HP: 22/22 MP: 0/0
    85 | D:1      | Reached XP level 2. HP: 7/29 MP: 1/1
   206 | D:3      | Reached skill level 3 in Unarmed Combat
   206 | D:3      | Reached XP level 3. HP: 22/36 MP: 2/2
   219 | D:3      | Noticed Kaelvos's ghost (amateur DrMo)
   260 | D:3      | Killed Kaelvos's ghost
   260 | D:3      | Reached skill level 5 in Unarmed Combat
   260 | D:3      | Reached XP level 4. HP: 17/44 MP: 3/3
   260 | D:3      | Reached XP level 5. HP: 19/50 MP: 4/4
   272 | D:3      | Found a faded altar to an unknown god.
   335 | D:4      | Reached skill level 6 in Unarmed Combat
   380 | D:5      | Entered Level 5 of the Dungeon
   447 | D:5      | Noticed a sky beast
   463 | D:5      | Killed a sky beast
   463 | D:5      | Reached XP level 6. HP: 29/59 MP: 5/5
   487 | D:6      | Found a sparkling altar of Nemelex Xobeh.
   569 | D:6      | Reached skill level 7 in Unarmed Combat
   741 | D:7      | Found an opulent altar of Gozag.
   775 | D:6      | Reached XP level 7. HP: 46/66 MP: 6/6
   798 | D:6      | Reached skill level 8 in Unarmed Combat
   822 | D:6      | Found a white marble altar of Elyvilon.
   822 | D:6      | Found a glowing silver altar of Zin.
   823 | D:6      | Found a glowing golden altar of the Shining One.
   876 | D:5      | Found Allingaps's Antique Armour Shop.
   881 | D:5      | Bought a glowing robe for 19 gold pieces
   925 | D:5      | Found Nuheroet's Book Shoppe.
   980 | D:5      | Found Leowe's Gadget Boutique.
  1040 | D:4      | Noticed lehmann155's ghost (amateur DsGl)
  1074 | D:4      | Killed lehmann155's ghost
  1074 | D:4      | Reached skill level 9 in Unarmed Combat
  1114 | D:4      | Found a staircase to the Ecumenical Temple.
  1114 | D:4      | Noticed a slave
  1115 | D:4      | Noticed a slave
  1115 | D:4      | Noticed a slave
  1116 | D:4      | Noticed Pikel
  1118 | D:4      | Noticed a slave
  1124 | D:4      | Reached XP level 8. HP: 53/74 MP: 3/7
  1139 | Temple   | Entered the Ecumenical Temple
  1263 | D:4      | Killed Pikel
  1263 | D:4      | Reached skill level 10 in Unarmed Combat
  1480 | D:10     | Entered Level 10 of the Dungeon
  1508 | D:10     | Reached skill level 11 in Unarmed Combat
  1585 | D:10     | Found Igunerr's Gadget Emporium.
  1673 | D:10     | Noticed a hill giant
  1774 | D:10     | Killed a hill giant
  1774 | D:10     | Reached XP level 9. HP: 24/80 MP: 8/8
  1784 | D:10     | Reached skill level 12 in Unarmed Combat
  1995 | D:10     | Reached skill level 13 in Unarmed Combat
  2135 | D:9      | Noticed a troll
  2308 | D:11     | Noticed a spiny frog
  2315 | D:11     | Killed a spiny frog
  2315 | D:11     | Reached skill level 14 in Unarmed Combat
  2315 | D:11     | Reached XP level 10. HP: 72/88 MP: 9/9
  2324 | D:11     | Found a staircase to the Lair.
  2766 | D:9      | Found a shadowy altar of Dithmenos.
  2841 | D:9      | Killed a troll
  3152 | D:5      | Noticed an ogre
  3159 | D:5      | Killed an ogre
  3177 | D:5      | Found Helines's Gadget Shop.
  3363 | D:3      | Found a white marble altar of Elyvilon.
  3392 | D:3      | Noticed Natasha
  3396 | D:3      | Killed Natasha
  3427 | D:3      | Noticed Natasha
  3429 | D:3      | Killed Natasha
  3441 | D:3      | Found a burning altar of Makhleb.
  3441 | D:3      | Found a radiant altar of Vehumet.
  3576 | D:3      | Found a bloodstained altar of Trog.
  3585 | D:3      | Found a shattered altar of Ashenzari.
  3585 | D:3      | Found a snail-covered altar of Cheibriados.
  3586 | D:3      | Found an iron altar of Okawaru.
  3591 | D:3      | Became a worshipper of Warmaster Okawaru
  3714 | D:5      | Bought an embroidered cloak for 126 gold pieces
  3855 | D:11     | Reached skill level 15 in Unarmed Combat
  3932 | D:11     | Reached * piety under Okawaru
  4006 | Lair:1   | Entered Level 1 of the Lair of Beasts
  4023 | Lair:1   | Reached ** piety under Okawaru
  4024 | Lair:1   | Reached skill level 16 in Unarmed Combat
  4032 | Lair:1   | Reached XP level 11. HP: 80/94 MP: 10/10
  4179 | Lair:1   | Reached *** piety under Okawaru
  4316 | Lair:1   | Reached skill level 17 in Unarmed Combat
  4428 | Lair:1   | Reached skill level 3 in Fighting
  4433 | Lair:1   | Found a labyrinth entrance.
  4439 | Lab      | Entered a labyrinth
  4461 | Lab      | Found an exit through the horrors of the Abyss.
  4535 | Lab      | Reached **** piety under Okawaru
  4617 | Lab      | Reached skill level 4 in Fighting
  4667 | Lab      | Noticed a minotaur
  4683 | Lab      | Killed a minotaur
  4701 | Lab      | Identified Sif Muna's Incunabulum of Boosts and Evil
  4707 | Lab      | Identified the Volume of the Twisted Glacier
  4748 | Lair:2   | Reached skill level 5 in Fighting
  4763 | Lair:2   | Noticed a five-headed hydra
  4773 | Lair:2   | Killed a five-headed hydra
  4822 | Lair:2   | Reached skill level 6 in Fighting
  4872 | Lair:2   | Reached skill level 1 in Invocations
  4877 | Lair:2   | Reached skill level 2 in Invocations
  4881 | Lair:2   | Reached ***** piety under Okawaru
  4953 | Lair:3   | Reached XP level 12. HP: 106/114 MP: 11/13
  4966 | Lair:3   | Got a thick robe
  5004 | Lair:3   | Reached skill level 3 in Invocations
  5115 | Lair:4   | Noticed Maud
  5126 | Lair:4   | Killed Maud
  5126 | Lair:4   | Reached skill level 5 in Invocations
  5168 | Lair:4   | Noticed an eight-headed hydra
  5170 | Lair:4   | Noticed Nergalle
  5172 | Lair:5   | Found a staircase to the Swamp.
  5193 | Lair:5   | Reached skill level 6 in Invocations
  5231 | Lair:6   | Noticed a four-headed hydra
  5245 | Lair:5   | Killed a four-headed hydra
  5245 | Lair:5   | Reached skill level 7 in Invocations
  5323 | Lair:5   | Noticed a six-headed hydra
  5418 | Lair:6   | Received a gift from Okawaru
  5418 | Lair:6   | Reached skill level 8 in Invocations
  5432 | Lair:7   | Noticed a six-headed hydra
  5466 | Lair:6   | Killed a six-headed hydra
  5955 | Lair:3   | Reached skill level 9 in Invocations
  6050 | Lair:4   | Found a hole to the Spider Nest.
  6086 | Lair:4   | Killed an eight-headed hydra
  6164 | Lair:5   | Reached skill level 10 in Invocations
  6305 | Lair:7   | Reached XP level 13. HP: 122/122 MP: 16/19
  6317 | Lair:7   | Received a gift from Okawaru
  6332 | Lair:7   | Reached skill level 7 in Fighting
  6382 | Lair:8   | Entered Level 8 of the Lair of Beasts
  6444 | Lair:8   | Noticed Implojin's ghost (journeyman TrMo)
  6460 | Lair:8   | Killed Implojin's ghost
  6499 | Lair:8   | Reached skill level 8 in Fighting
  6567 | Lair:8   | Found a staircase to the Slime Pits.
  6852 | Lair:8   | Found a runed door.
  6916 | Lair:8   | Reached skill level 9 in Fighting
  7125 | Lair:8   | Identified the cursed +0 robe of Agoraphobia {MR++ Regen+} (You found it on level 3 of the Lair of Beasts)
  7151 | Lair:8   | Learned a level 3 spell: Regeneration
  7154 | Lair:8   | Learned a level 2 spell: Sublimation of Blood
  7231 | Lair:8   | Received a gift from Okawaru
  7313 | Lair:8   | Reached skill level 10 in Fighting
  7779 | D:13     | Received a gift from Okawaru
  7805 | D:13     | Found a flagged portal.
  7809 | D:13     | Noticed Cidx's ghost (journeyman MiBe)
  7824 | D:13     | Killed Cidx's ghost
  7836 | Bailey   | Entered a bailey
  7878 | Bailey   | Found a bloodstained altar of Trog.
  7989 | D:13     | Reached skill level 11 in Fighting
  8102 | D:13     | You fall through a shaft for 2 floors!
  8102 | D:15     | Entered Level 15 of the Dungeon
  8204 | D:15     | Reached XP level 14. HP: 105/146 MP: 20/20
  8514 | D:15     | Reached skill level 12 in Fighting
  8522 | D:15     | Found a staircase to the Depths.
  8561 | Depths:1 | Entered Level 1 of the Depths
  8562 | Depths:1 | Cast into the Abyss (an ogre mage)
  8753 | Abyss:1  | Noticed a bone dragon
  8764 | Abyss:1  | Noticed a bone dragon
  8789 | Abyss:1  | Killed a bone dragon
  8814 | Abyss:2  | Found a shattered altar of Ashenzari.
  8950 | Abyss:2  | Noticed a mottled draconian annihilator
  8951 | Abyss:2  | Noticed a tentacled starspawn
  9032 | Abyss:3  | Found a corrupted altar of Lugonu.
  9065 | Abyss:3  | Found a corrupted altar of Lugonu.
  9067 | Abyss:3  | Noticed a tentacled monstrosity
  9072 | Abyss:3  | Noticed an eldritch tentacle
  9086 | Abyss:3  | Killed a tentacled monstrosity
  9086 | Abyss:3  | Received a gift from Okawaru
  9086 | Abyss:3  | Reached skill level 13 in Fighting
  9289 | Abyss:3  | Noticed a tentacled starspawn
  9302 | Abyss:3  | Killed a tentacled starspawn
  9365 | Abyss:3  | Noticed a tentacled starspawn
  9397 | Abyss:3  | Killed a tentacled starspawn
  9397 | Abyss:3  | Reached skill level 14 in Fighting
  9508 | Abyss:3  | Reached XP level 15. HP: 93/163 MP: 13/19
  9644 | Abyss:4  | HP: 7/165 [spatial maelstrom (5)]
  9749 | Abyss:4  | Noticed a tentacled starspawn
  9938 | Abyss:4  | Reached skill level 15 in Fighting
  9970 | Abyss:4  | Noticed a tentacled starspawn
  9985 | Abyss:4  | Killed a tentacled starspawn
  9997 | Abyss:4  | Noticed a bone dragon
  9997 | Abyss:4  | Noticed a lich
 10013 | Abyss:4  | Killed a lich
 10013 | Abyss:4  | Received a gift from Okawaru
 10027 | Abyss:4  | Killed a bone dragon
 10056 | Abyss:4  | Noticed a tentacled starspawn
 10059 | Abyss:4  | Killed a tentacled starspawn
 10073 | Abyss:4  | Noticed a lich
 10073 | Abyss:4  | HP: 6/169 [large abomination (27)]
 10090 | Abyss:4  | Killed a lich
 10090 | Abyss:4  | Received a gift from Okawaru
 10090 | Abyss:4  | Reached skill level 16 in Fighting
 10091 | Abyss:4  | Got a brightly glowing hat {god gift}
 10095 | Abyss:4  | Identified the +0 hat "Inuzir" {rElec rC- Dex+9} (Okawaru gifted it to you on level 4 of the Abyss)
 10136 | Abyss:4  | Noticed a tentacled starspawn
 10149 | Abyss:4  | Killed a tentacled starspawn
 10153 | Abyss:4  | Noticed a tentacled starspawn
 10154 | Abyss:4  | Noticed a bone dragon
 10170 | Depths:1 | Escaped the Abyss
 10204 | D:14     | Found a runed door.
 10206 | D:14     | Noticed a tengu reaver
 10206 | D:14     | Noticed a tengu reaver
 10225 | D:14     | Reached XP level 16. HP: 56/180 MP: 20/22
 10634 | Spider:1 | Entered Level 1 of the Spider Nest
 10644 | Spider:1 | Reached skill level 17 in Fighting
 10658 | Spider:1 | HP: 8/183 [tarantella (7)]
 10830 | Spider:1 | Reached skill level 3 in Shields
 10869 | Spider:3 | Noticed Mara
 10872 | Spider:3 | Noticed Implojin's illusion
 10887 | Spider:2 | Reached skill level 4 in Shields
 10906 | Spider:2 | Got a translucent pewter ring
 10907 | Spider:2 | Identified the ring of Zafih Coa {Wiz rPois rF++ MR+ Str-3} (You found it on level 2 of the Spider Nest)
 11014 | Spider:2 | Reached skill level 5 in Shields
 11136 | Spider:3 | Reached skill level 6 in Shields
 11241 | Spider:4 | Entered Level 4 of the Spider Nest
 11257 | Spider:4 | Reached skill level 7 in Shields
 11458 | Spider:4 | Reached skill level 8 in Shields
 11608 | Spider:4 | Reached skill level 9 in Shields
 11888 | Spider:4 | Reached XP level 17. HP: 138/191 MP: 1/23
 11951 | Spider:4 | Reached skill level 10 in Shields
 11955 | Spider:4 | Got a gossamer rune of Zot
 12247 | D:13     | Found a gate to the Vaults.
 12288 | Vaults:1 | Entered Level 1 of the Vaults
 12435 | Vaults:1 | Reached skill level 11 in Shields
 12438 | Vaults:1 | Reached ****** piety under Okawaru
 12438 | Vaults:1 | Received a gift from Okawaru
 12473 | Vaults:1 | Noticed Louise
 12479 | Vaults:1 | Reached skill level 3 in Dodging
 12495 | Vaults:1 | Killed Louise
 12495 | Vaults:1 | Reached skill level 4 in Dodging
 12532 | Vaults:1 | Found a flickering gateway to a bazaar.
 12561 | Bazaar   | Entered a bazaar
 12564 | Bazaar   | Found Qaxin's Book Shop.
 12580 | Bazaar   | Found Maerehog's Book Shop.
 12591 | Bazaar   | Found Obeff's Jewellery Emporium.
 12596 | Bazaar   | Found Puuvvat's Distillery.
 12602 | Bazaar   | Found Ichogokh's Antique Weapon Shoppe.
 12620 | Bazaar   | Bought an uncursed amulet of clarity for 340 gold pieces
 12645 | Bazaar   | Bought a book of Burglary for 1125 gold pieces
 12654 | Bazaar   | Learned a level 2 spell: Swiftness
 12679 | Bazaar   | Bought a potion of curing for 27 gold pieces
 12679 | Bazaar   | Bought 2 potions of resistance for 180 gold pieces
 12679 | Bazaar   | Bought a potion of invisibility for 72 gold pieces
 12679 | Bazaar   | Bought 2 potions of agility for 72 gold pieces
 12724 | Vaults:1 | Learned a level 3 spell: Ozocubu's Armour
 12754 | Vaults:2 | Noticed Mennas
 12768 | Vaults:1 | Reached skill level 5 in Dodging
 12808 | Vaults:1 | Learned a level 6 spell: Deflect Missiles
 12822 | Vaults:1 | Learned a level 6 spell: Haste
 13024 | Vaults:1 | Reached skill level 6 in Dodging
 13092 | Vaults:1 | Reached skill level 7 in Dodging
 13258 | Vaults:1 | Killed Mennas
 13258 | Vaults:1 | Received a gift from Okawaru
 13258 | Vaults:1 | Reached skill level 8 in Dodging
 13352 | Vaults:2 | Noticed Saint Roka
 13380 | Vaults:2 | Killed Saint Roka
 13384 | Vaults:2 | Noticed Sojobo
 13410 | Vaults:2 | Reached skill level 9 in Dodging
 13410 | Vaults:2 | Reached XP level 18. HP: 172/200 MP: 20/24
 13433 | Vaults:2 | Killed Sojobo
 13433 | Vaults:2 | Received a gift from Okawaru
 13469 | Vaults:2 | Got a translucent quick blade {god gift}
 13496 | Vaults:2 | Found Ohoel's Weapon Boutique.
 13531 | Vaults:2 | Reached skill level 10 in Dodging
 13633 | Vaults:2 | Identified the +4 quick blade "Wurup" {elec, MR+ Dex+3} (Okawaru gifted it to you on level 2 of the Vaults)
 13709 | Vaults:2 | Reached skill level 11 in Dodging
 13856 | Vaults:4 | Received a gift from Okawaru
 13863 | Vaults:4 | Reached skill level 12 in Dodging
 13949 | Vaults:4 | Noticed Jorgrun
 13956 | Vaults:4 | Killed Jorgrun
 13956 | Vaults:4 | Received a gift from Okawaru
 13957 | Vaults:4 | Got a jewelled hat {god gift}
 13997 | Vaults:4 | Identified the +2 hat "Bifiuth" {-Cast rPois rF+ rC++} (Okawaru gifted it to you on level 4 of the Vaults)
 14390 | Vaults:4 | Reached skill level 13 in Dodging
 14421 | Vaults:5 | Entered Level 5 of the Vaults
 14463 | Vaults:4 | Reached XP level 19. HP: 168/209 MP: 25/25
 14579 | Vaults:4 | Reached skill level 14 in Dodging
 14598 | Vaults:5 | Noticed a golden dragon
 14696 | Vaults:4 | Received a gift from Okawaru
 14705 | Vaults:4 | Noticed Frederick
 14903 | Vaults:4 | Killed a golden dragon
 15105 | Vaults:5 | Reached skill level 15 in Dodging
 15119 | Vaults:5 | Noticed a golden dragon
 15127 | Vaults:5 | Killed a golden dragon
 15298 | Vaults:5 | Received a gift from Okawaru
 15304 | Vaults:5 | Noticed a golden dragon
 15321 | Vaults:5 | Reached skill level 16 in Dodging
 15326 | Vaults:5 | Killed a golden dragon
 15350 | Vaults:5 | Learned a level 1 spell: Apportation
 15354 | Vaults:5 | Learned a level 2 spell: Blink
 15374 | Vaults:5 | Identified Newus's Compendium of Self-Knowledge (You found it on level 5 of the Vaults)
 15392 | Vaults:5 | Got a steaming tin amulet
 15414 | Vaults:5 | Reached XP level 20. HP: 126/218 MP: 26/26
 15500 | Vaults:5 | Found Foun's Antique Weapon Shop.
 15665 | Vaults:5 | Identified Lish's Reference Book on Displaced Shape Shifting
 15760 | Vaults:5 | Reached skill level 17 in Dodging
 15780 | Vaults:5 | Received a gift from Okawaru
 15839 | Vaults:5 | Identified the amulet "Sasmeg" {Inacc Int+4 Dex+4} (You found it on level 5 of the Vaults)
 15862 | Vaults:5 | Learned a level 3 spell: Portal Projectile
 16017 | Vaults:5 | Identified the Volume of Hexes
 16161 | Vaults:5 | Identified Hulazifi's Grimoire of Calling
 16214 | Vaults:5 | Got a silver rune of Zot
 16508 | Depths:1 | Found a one-way gate to the infinite horrors of the Abyss.
 16518 | Depths:1 | Voluntarily entered the Abyss.
 16518 | Abyss:1  | Noticed a bone dragon
 16526 | Abyss:1  | Noticed a bone dragon
 16561 | Abyss:1  | Noticed a lich
 16564 | Abyss:1  | Reached skill level 18 in Dodging
 16572 | Abyss:1  | Killed a lich
 16585 | Abyss:1  | Noticed an Executioner
 16595 | Abyss:1  | Killed an Executioner
 16653 | Abyss:1  | Found a shattered altar of Ashenzari.
 16734 | Abyss:2  | Found a corrupted altar of Lugonu.
 17104 | Abyss:4  | Lost intelligence.
 17139 | Abyss:4  | Reached XP level 21. HP: 147/226 MP: 24/27
 17184 | Abyss:4  | Got an abyssal rune of Zot
 17239 | Depths:1 | Escaped the Abyss
 17250 | Depths:1 | Reached skill level 19 in Dodging
 17319 | Depths:1 | Noticed a fire giant
 17325 | Depths:1 | Killed a fire giant
 17348 | Depths:1 | Found a gateway to Hell.
 17483 | Depths:1 | Found a one-way gate leading to the halls of Pandemonium.
 17721 | Depths:3 | HP: 6/226 [deep troll (29)]
 17721 | Depths:3 | Mangled by a deep troll earth mage

Action                   |  1- 3 |  4- 6 |  7- 9 | 10-12 | 13-15 | 16-18 | 19-21 || total
-------------------------+-------+-------+-------+-------+-------+-------+-------++-------
Melee: Unarmed           |    49 |    60 |   229 |   667 |   997 |  1373 |  1143 ||  4518
Throw: Tomahawk          |       |       |       |    46 |    15 |    34 |       ||    95
       Javelin           |       |       |       |       |       |    24 |       ||    24
Invok: Heroism           |       |       |       |     8 |    29 |    30 |    25 ||    92
       Finesse           |       |       |       |     2 |     8 |     9 |    11 ||    30
 Abil: Evoke Teleportati |       |       |     2 |       |       |     1 |       ||     3
       Evoke Flight      |       |       |       |       |       |       |     2 ||     2
Evoke: Wand              |       |       |     2 |     3 |    11 |     1 |     1 ||    18
  Use: Scroll            |       |     6 |     6 |    12 |    17 |     9 |     8 ||    58
       Potion            |       |       |       |       |    13 |     7 |     8 ||    28
 Stab: Sleeping          |       |       |       |     1 |     1 |     1 |       ||     3
       Distracted        |       |       |       |       |     1 |       |     1 ||     2
  Eat: Chunk             |     5 |     2 |    22 |    38 |    31 |    39 |    35 ||   172
       Fruit             |       |       |     1 |       |     5 |     2 |     1 ||     9
       Meat ration       |       |       |       |     1 |     1 |     1 |       ||     3
       Beef jerky        |       |       |       |       |     1 |     1 |     1 ||     3
       Pizza             |       |       |       |       |     2 |     1 |     1 ||     4

Table legend:
 A = Turns spent in this place as a percentage of turns spent in the entire game.
 B = Non-inter-level travel turns spent in this place as a percentage of non-inter-level travel turns spent in the entire game.
 C = Inter-level travel turns spent in this place as a percentage of turns spent in this place.
 D = Turns resting spent in this place as a percentage of non-inter-level travel turns spent in this place.
 E = Turns spent auto-exploring this place as a percentage of non-inter-level travel turns spent in this place.
 F = Non-inter-level travel turns spent in this place divided by the number of levels of this place that you've seen.
                   A       B       C       D       E      F
               +-------+-------+-------+-------+-------+----------------------
         Total | 100.0 | 100.0 |   0.0 |   0.1 |   0.0 | 376.5
       Dungeon |  29.2 |  29.2 |   0.0 |   0.0 |   0.0 | 344.1
        Temple |   0.5 |   0.5 |   0.0 |   0.0 |   0.0 |  93.0
          Lair |  19.7 |  19.7 |   0.0 |   0.1 |   0.0 | 435.9
   Spider Nest |   8.2 |   8.2 |   0.0 |   0.0 |   0.0 | 364.0
        Vaults |  22.8 |  22.8 |   0.0 |   0.0 |   0.0 | 805.4
        Depths |   2.9 |   2.9 |   0.0 |   0.0 |   0.0 | 169.3
         Abyss |  13.9 |  13.9 |   0.0 |   0.5 |   0.0 | 307.4
     Labyrinth |   1.5 |   1.5 |   0.0 |   0.0 |   0.0 | 265.0
        Bazaar |   0.9 |   0.9 |   0.0 |   0.0 |   0.0 | 153.0
        Bailey |   0.5 |   0.5 |   0.0 |   0.0 |   0.0 |  87.0
               +-------+-------+-------+-------+-------+----------------------

Table legend:
 A = Kills in this place as a percentage of kills in entire the game.
 B = Kills by you in this place as a percentage of kills by you in the entire game.
 C = Kills by friends in this place as a percentage of kills by friends in the entire game.
 D = Other kills in this place as a percentage of other kills in the entire game.
 E = Experience gained in this place as a percentage of experience gained in the entire game.
 F = Experience gained in this place divided by the number of levels of this place that you have seen.
                   A       B       C       D       E      F
               +-------+-------+-------+-------+-------+----------------------
         Total | 100.0 | 100.0 |  -nan | 100.0 | 100.0 | 13126.0
       Dungeon |  20.9 |  21.1 |  -nan |   0.0 |   6.3 | 2597.3
        Temple |   0.2 |   0.2 |  -nan |   0.0 |   0.0 |  44.0
          Lair |  16.7 |  16.9 |  -nan |   0.0 |   7.2 | 5560.2
   Spider Nest |  12.1 |  12.2 |  -nan |   0.0 |  10.1 | 15584.5
        Vaults |  30.5 |  30.6 |  -nan |  27.3 |  51.3 | 63299.6
        Depths |   2.6 |   2.7 |  -nan |   0.0 |   3.7 | 7574.0
         Abyss |  15.9 |  15.4 |  -nan |  72.7 |  20.9 | 16091.5
     Labyrinth |   0.5 |   0.5 |  -nan |   0.0 |   0.4 | 2235.0
        Bailey |   0.6 |   0.6 |  -nan |   0.0 |   0.1 | 913.0
               +-------+-------+-------+-------+-------+----------------------
